 Dungeon Crawl Stone Soup version 0.27.1-4-g1640c2035a (webtiles) character file.

Game seed: 17433080952460179592

140 belegose the Skirmisher (level 5, -2/46 HPs)
             Began as a Ghoul Abyssal Knight on Nov 2, 2021.
             Was a Follower of Lugonu.
             Slain by an orc warrior (11 damage)
             ... on level 5 of the Dungeon.
             The game lasted 00:09:54 (3515 turns).

belegose the Skirmisher (Ghoul Abyssal Knight)      Turns: 3515, Time: 00:09:54

Health: -2/46      AC:  6    Str: 17    XL:     5   Next: 22%
Magic:  6/6        EV: 10    Int:  7    God:    Lugonu [*.....]
Gold:   169        SH:  0    Dex:  8    Spells: 4/4 levels left

rFire    . . .     SeeInvis .   a - +1 spear
rCold    + . .     Faith    .   (no shield)
rNeg     + + +     Spirit   .   f - +0 ring mail
rPois    ∞         Reflect  .   o - +0 helmet
rElec    .         Harm     .   (no cloak)
rCorr    .         Rampage  .   (no gloves)
Will     .....                  (no boots)
Stlth    ..........             (no amulet)
HPRegen  0.00/turn              (no ring)
MPRegen  0.10/turn              (no ring)

@: inhibited regen
A: claws 1, cold resistance 1, negative energy resistance 3, inhibited
regeneration, torment resistance 2
a: Renounce Religion, Depart the Abyss


You were on level 5 of the Dungeon.
You worshipped Lugonu.
Lugonu was aware of your devotion.
You visited 1 branch of the dungeon, and saw 4 of its levels.
You visited the Abyss 1 time.

You collected 169 gold pieces.

Inventory:

Hand Weapons
 a - a +1 spear (weapon)
 b - a +0 hunting sling
 l - a +0 mace
Missiles
 g - 154 stones
Armour
 f - a +0 ring mail (worn)
 o - a +0 helmet (worn)
Wands
 j - a wand of flame (11)
Scrolls
 c - 2 scrolls of magic mapping {unknown}
 h - a scroll of fog {unknown}
 i - a scroll of noise {unknown}
 m - a scroll of enchant weapon {unknown}
 p - a scroll of identify {unknown}
Potions
 d - a potion of curing {unknown}
 e - a potion of attraction {unknown}
 k - a potion of mutation {unknown}
 n - a potion of flight {unknown}


   Skills:
 + Level 4.1 Fighting
 + Level 2.6 Polearms
 + Level 2.6 Armour
 - Level 0.8 Dodging
 + Level 3.1 Invocations
 + Level 1.2 Evocations


You had 4 spell levels left.
You didn't know any spells.
Your spell library was empty.

Dungeon Overview and Level Annotations

Branches:
Dungeon (3/15)

Altars:
Yredelemnul


Innate Abilities, Weirdness & Mutations

You thrive by killing the living.
You are immune to poison.
You have sharp fingernails.
Your flesh is cold resistant. (rC+)
You are immune to negative energy. (rN+++)
You do not regenerate when monsters are visible.
You are immune to unholy pain and torment.


Message History

g - 153 stones (gained 1)
g - 154 stones (gained 1) HP restored.
Found a stone staircase leading up.
An orc comes into view. It is wielding a +0 flail.
Found 24 stones.
The orc shouts!
You hear a shout!
The orc moves out of view.
An orc warrior comes into view. It is wielding a +0 short sword.
Found a chain mail.
You see here a scorpion corpse.
You reach to attack!
You hit the orc warrior.
The orc warrior is lightly wounded.
You barely miss the orc warrior.
The orc warrior is lightly wounded.
The orc warrior barely misses you.
You hit the orc warrior.
The orc warrior is lightly wounded.
The orc warrior hits you with a +0 short sword!
You closely miss the orc warrior.
The orc warrior is lightly wounded.
The orc warrior barely misses you.
You closely miss the orc warrior.
The orc warrior is lightly wounded.
The orc warrior hits you with a +0 short sword!
You see here a +0 leather armour.
You see here 21 arrows.
The orc warrior hits you with a +0 short sword!
* * * LOW HITPOINT WARNING * * *
There is an open door here.
The orc warrior hits you but does no damage.
An orc comes into view. It is wielding a +0 mace.
The orc warrior completely misses you.
There is an open door here.
You see here 21 arrows.
You see here a +0 leather armour.
The orc warrior barely misses you.
There is a stone staircase leading up here.
The orc warrior hits you with a +0 short sword!
You die...

#.#######...
[#...........
............ .(.........
## .......# .. .....
#####.####.#############
.......@o.o.o...........
....#.#....#############
. # ###### #######
#...... #......


You could see an orc warrior and 2 orcs.

Vanquished Creatures
  A scorpion (D:5)
  Robin (D:2)
  2 adders
  A dart slug (D:2)
  4 ball pythons
  3 bats (D:2)
  2 endoplasms
  5 giant cockroaches
  8 goblins
  6 hobgoblins
  A jackal (D:1)
  3 quokkas (D:2)
  A frilled lizard (D:1)
  2 kobolds
  4 rats
44 creatures vanquished.

Notes
Turn   | Place    | Note
-------+----------+-------------------------------------------
     0 | Abyss:1  | belegose the Ghoul Abyssal Knight began the quest for the
                  | Orb.
     0 | Abyss:1  | Reached XP level 1. HP: 19/19 MP: 1/1
    46 | Abyss:1  | Noticed a bone dragon
    51 | D:1      | Escaped the Abyss
   593 | D:1      | Reached XP level 2. HP: 26/26 MP: 2/2
   971 | D:1      | Reached * piety under Lugonu
  1535 | D:2      | Reached XP level 3. HP: 31/31 MP: 3/3
  1806 | D:2      | Noticed Robin
  1933 | D:2      | Found a faded altar of an unknown god.
  2023 | D:2      | Found a basalt altar of Yredelemnul.
  2491 | D:2      | Reached XP level 4. HP: 40/40 MP: 5/5
  2510 | D:2      | Killed Robin
  3103 | D:3      | You fall into a shaft and drop 2 floors!
  3103 | D:5      | Entered Level 5 of the Dungeon
  3193 | D:5      | Noticed a scorpion
  3212 | D:5      | Killed a scorpion
  3213 | D:5      | Reached skill level 4 in Fighting
  3213 | D:5      | Reached skill level 1 in Evocations
  3213 | D:5      | Reached XP level 5. HP: 32/46 MP: 6/6
  3315 | D:5      | Noticed an orc warrior
  3515 | D:5      | Slain by an orc warrior

Illustrated notes

Levels and vault maps discovered:
D:1:      dpeg_cavernosity, layout_basic
D:2:      layout_basic, basic_altar, ebering_ecumenical_altar_box,
          minmay_misc_feat_square, uniq_robin
D:3:      layout_basic, led_sif_book
D:5:      layout_basic, minmay_temple_entry_butterflies,
          minmay_misc_feat_columns

Skill      XL: |  1  2  3  4 |
---------------+-------------+-----
Polearms       | 2 |  2.6
Armour         | 2 |  2.6
Fighting       | 4 |  4.1
Invocations    | 3 |  3.1
Evocations     | 1 |  1.2
Dodging        | |  0.8

Action                   |  1- 3 |  4- 6 || total
-------------------------+-------+-------++-------
Melee: Spear             |   172 |    31 ||   203
 Fire: Hunting sling     |     4 |     3 ||     7
Invok: Depart the Abyss  |     1 |       ||     1
Evoke: Wand              |       |     2 ||     2
Armor: Ring mail         |    58 |     7 ||    65
Dodge: Dodged            |    83 |    17 ||   100
